Match 47292126
Unlisted

Match 47292126
End
Construct Barracks
1⁄4-ton 4x4 Truck
Selects Advanced Infantry Battlegroup
Riflemen Squad
M1 Mortar Team
Riflemen Squad
Infantry Support Center
Selects Convert to Ranger Squad
Construct Motor Pool
M8 Greyhound Armored Car
Selects Frontline Medical Station
M1 Anti-tank Gun Team
Frontline Medical Station
Convert to Ranger Squad
Engineer Squad
Selects Ranger Weapon Training
Selects Artillery Observers
Construct Tank Depot
Convert to Ranger Squad
Construct Weapon Support Center
M1919 Machine Gun Team
Selects M2A1 105mm Howitzer Emplacement
M18 Hellcat Tank Destroyer
M18 Hellcat Tank Destroyer
Selects 155mm Rapid Artillery Barrage
Selects 155mm Rapid Artillery Barrage
155mm Rapid Artillery Barrage
M18 Hellcat Tank Destroyer
M18 Hellcat Tank Destroyer
155mm Rapid Artillery Barrage
M18 Hellcat Tank Destroyer
155mm Rapid Artillery Barrage
M18 Hellcat Tank Destroyer
The Governor
371149773
Logan5
alloverU LIKEARASH
0
0

Comments sign in to comment!

No comments posted yet!